 Dungeon Crawl Stone Soup version 0.27-a0-1331-g60ef6b6952 (webtiles) character file.

Game seed: 5237127256789073376

79 HAL9000 the Sneak (level 4, 0/23 HPs)
             Began as a Vine Stalker Brigand on June 25, 2021.
             Slain by a ball python (1 damage)
             ... on level 3 of the Dungeon.
             The game lasted 00:05:45 (3196 turns).

HAL9000 the Sneak (Vine Stalker Brigand)            Turns: 3196, Time: 00:05:45

Health: 0/23       AC:  3    Str: 14    XL:     4   Next: 38%
Magic:  0/5        EV:  8    Int: 11    God:
Gold:   67         SH:  0    Dex: 16    Spells: 3/3 levels left

rFire    . . .     SeeInvis .   a - +2 dagger
rCold    . . .     Faith    .   (no shield)
rNeg     . . .     Spirit   +   b - +0 robe
rPois    .         Reflect  .   (no helmet)
rElec    .         Harm     .   c - +0 cloak
rCorr    .         Rampage  .   (no gloves)
Will     .....                  (no boots)
Stlth    +++.......             o - amulet of magic regeneration
HPRegen  1.07/turn              (no ring)
MPRegen  0.34/turn              (no ring)

@: lethally poisoned (0 -> -3), attractive, hasted, constricted, very quick
A: fangs 2, regeneration 1, magic shield, antimagic bite, no potion heal 2
a: no special abilities


You were on level 3 of the Dungeon.
You visited 1 branch of the dungeon, and saw 3 of its levels.

You collected 67 gold pieces.

Inventory:

Hand Weapons
 a - a +2 dagger (weapon)
 j - a +0 short sword of venom
Missiles
 d - 35 poisoned darts (quivered)
 e - 2 curare-tipped darts
Armour
 b - a +0 robe (worn)
 c - a +0 cloak (worn)
Jewellery
 o - an amulet of magic regeneration (around neck)
Scrolls
 f - 2 scrolls of identify {unknown}
 g - a scroll of immolation {unknown}
 h - a scroll of fog {unknown}
 i - a scroll of magic mapping {unknown}
 l - 2 scrolls of amnesia {unknown}
Potions
 k - a potion of haste
 n - a potion of heal wounds {unknown}


   Skills:
 - Level 1.7 Fighting
 + Level 1.7 Short Blades
 - Level 4.0 Throwing
 - Level 0.7 Dodging
 + Level 5.0 Stealth


You had 3 spell levels left.
You didn't know any spells.
Your spell library was empty.

Dungeon Overview and Level Annotations

Branches:
Dungeon (3/15)

Altars:
Ru

Shops:
D:1 =[*!?

Annotations:
D:3 2 transporters


Innate Abilities, Weirdness & Mutations

You have extremely sharp teeth.
Your natural rate of healing is unusually fast.
When hurt, damage is shared between your health and your magic reserves.
Your bite disrupts and absorbs the magic of your enemies.
Potions cannot restore your health.


Message History

You feel sick.
The ball python barely misses you. x2; The adder bites you.
You are more poisoned.
The adder poisons you!
You miss the adder. You bite the adder. You drain its power.
You feel invigorated.
The adder is almost dead.
You feel sick. The ball python misses you. The ball python grabs you.
The ball python constricts you. The adder bites you.
You are more poisoned.
The adder poisons you! The ball python barely misses you.
The ball python constricts you.
You barely miss the adder.
The adder is almost dead.
You feel very sick. The adder bites you. x2
You are lethally poisoned!
The adder poisons you!
The ball python bites you but does no damage.
* * * LOW HITPOINT WARNING * * *
The ball python constricts you.
You barely miss the adder.
The adder is almost dead.
* * * LOW HITPOINT WARNING * * *
You feel very sick. The adder closely misses you.
The ball python barely misses you. The ball python constricts you.
Unknown command.
It was a potion of haste.
You feel yourself speed up.
* * * LOW HITPOINT WARNING * * *
You feel very sick. The adder bites you but does no damage.
The ball python barely misses you. The ball python constricts you.
Unknown command.
Unknown command.
Okay, then.
It was a potion of attraction.
You feel attractive to monsters.
* * * LOW HITPOINT WARNING * * *
You feel sick. The adder barely misses you. The ball python bites you.
You die...

####..#..#..#.#..#.)#.(####
# #..####..#.#..####..#
##..##..##.##..##..##
#......#...#......#
##....##...##....##
##..##.....##..##
####..#.#..#### #..#####..#
#.. )#)#@.# #..#.


S#SS# ## .. ...## #.# #.## ## You could see an adder and a ball python.

Vanquished Creatures
  4 adders
  A worm (D:2)
  A dart slug (D:2)
  4 bats
  2 endoplasms
  3 giant cockroaches
  4 goblins
  4 hobgoblins
  5 ball pythons
  4 frilled lizards
  3 kobolds
  6 rats
41 creatures vanquished.

Notes
Turn   | Place    | Note
-------+----------+-------------------------------------------
     0 | D:1      | HAL9000 the Vine Stalker Brigand began the quest for the
                  | Orb.
     0 | D:1      | Reached XP level 1. HP: 11/11 MP: 2/2
    17 | D:1      | Found Liym's Magic Scroll Emporium.
   252 | D:1      | Found Zeer Pou's Armour Shop.
   281 | D:1      | Found Umatsibb's General Store.
   340 | D:1      | Found Jofyc's Distillery.
   350 | D:1      | Reached XP level 2. HP: 14/15 MP: 3/3
   396 | D:1      | Found Duemehus's Jewellery Emporium.
  1275 | D:2      | Found a faded altar of an unknown god.
  1297 | D:2      | Reached XP level 3. HP: 7/18 MP: 1/4
  2565 | D:3      | Gained mutation: Your natural rate of healing is unusually
                  | fast. [Vine Stalker growth]
  2565 | D:3      | Reached XP level 4. HP: 14/23 MP: 3/5
  2642 | D:3      | Found a sacrificial altar of Ru.
  2689 | D:3      | Found a transporter.
  2708 | D:3      | Found a transporter.
  3156 | D:3      | Reached skill level 5 in Stealth
  3195 | D:3      | HP: 1/23 [poisoned by an adder]
  3196 | D:3      | Slain by a ball python

Illustrated notes

Levels and vault maps discovered:
D:1:      saegor_arrival_simple_b, layout_basic, serial_shops,
          nicolae_shop_crystal, shop, nicolae_shop_stone, shop_statue,
          nicolae_shop_window_shopping, minmay_misc_feat_x
D:2:      layout_basic, ebering_ecumenical_altar_abandoned, serial_curves,
          eino_curves_03, eino_curves_01, eino_curves_04, eino_curves_03
D:3:      gammafunk_wand_slinger, layout_basic, old_standard_altar, minmay_puff

Skill      XL: |  1  2  3  4 |
---------------+-------------+-----
Throwing       | 2 3 4 |  4.0
Stealth        | 5 |  5.0
Fighting       | |  1.7
Short Blades   | |  1.7
Dodging        | |  0.7

Action                   |  1- 3 |  4- 6 || total
-------------------------+-------+-------++-------
Melee: Dagger            |    72 |    44 ||   116
       Bite              |    18 |    14 ||    32
Throw: Dart              |    13 |       ||    13
  Use: Potion            |       |     2 ||     2
 Stab: Sleeping          |    10 |     1 ||    11
Armor: Robe              |    20 |    11 ||    31
Dodge: Dodged            |    34 |    24 ||    58

Table legend: (Time is in decaauts)
 A = Elapsed time spent in this place.
 B = Non-inter-level travel time spent in this place.
 C = Inter-level travel time spent in this place.
 D = Time resting spent in this place.
 E = Time spent auto-exploring this place.
 F = Levels seen in this place.
 G = Mean time per level.
                   A        B        C        D        E       F      G
               +--------+--------+--------+--------+--------+-----+--------+
         Total |   3161 |   3106 |     55 |    579 |   1923 |   3 | 1053.7 |
       Dungeon |   3161 |   3106 |     55 |    579 |   1923 |   3 | 1053.7 |
               +--------+--------+--------+--------+--------+-----+--------+

Top non-repeatable levels by time:
     D:2: 1371 daAuts
     D:1: 1031 daAuts
     D:3: 759 daAuts
